Map: Port Aleksander LE

Players

MrRoboto

  • Race: Protoss Protoss
  • League: Diamond
  • Spawn Location: 5:00

BaldSeagull - Winner!

  • Race: Zerg Zerg
  • League: Diamond
  • Spawn Location: 11:00

VOD

Have the link to the VOD?

Description

Time

  • Played on: April 13, 2019, 1:17 p.m.
  • Length: 4:20
Show
View Real Time Build Order
Export as new Build Order

MrRoboto Protoss 

Build Orders:  

Get SALT Encoding   

  12  0:01  Probe  
  13  0:14  Probe  
  14  0:21  Pylon  
  14  0:26  Probe  
  15  0:38  Probe  
  15  0:42  Forge  
  16  0:46  Probe  
  16  0:54  Probe  
  18  1:05  Probe  
  19  1:18  Probe  
  20  1:22  Pylon  
  20  1:28  Gateway  
  20  1:36  Assimilator  
  20  1:40  Probe  
  20  1:42  Pylon  
  21  1:48  Photon Cannon  
  21  1:52  Pylon, Probe  
  22  2:04  Probe  
  23  2:12  Photon Cannon  
  23  2:15  Photon Cannon  
  23  2:25  Cybernetics Core  
  23  2:34  Pylon  
  23  2:41  Photon Cannon  
  23  2:55  Photon Cannon  
  23  3:01  Photon Cannon  
  23  3:11  Stargate  
  23  3:14  Assimilator  
  23  3:20  Photon Cannon  
  23  3:29  Pylon  
  22  4:00  Pylon  
Show
View Real Time Build Order
Export as new Build Order

BaldSeagull Zerg - Winner!

Build Orders: Hatch First 

Get SALT Encoding   

  12  0:01  Drone  
  13  0:14  Overlord  
  13  0:18  Drone  
  14  0:33  Drone  
  14  0:34  Drone  
  16  0:54  Hatchery  
  15  0:58  Drone  
  15  1:00  Drone  
  17  1:16  Spawning Pool  
  17  1:18  Drone  
  17  1:21  Drone  
  17  1:25  Drone  
  19  1:31  Overlord  
  19  2:06  Queen  
  21  2:12  Spine Crawler  
  21  2:13  Spine Crawler  
  21  2:14  Spine Crawler  
  18  2:17  Zergling x2, Spine Crawler  
  18  2:20  Zergling x2  
  19  2:25  Zergling x2  
  19  2:27  Zergling x2  
  21  2:30  Zergling x2  
  21  2:34  Zergling x2  
  23  2:38  Zergling x2  
  23  2:43  Zergling x2  
  24  2:55  Zergling x6  
  27  3:01  Overlord  
  27  3:10  Zergling x2  
  27  3:18  Zergling x2  
  27  3:19  Zergling x2  
  23  3:24  Zergling x4  
  25  3:33  Queen  
  25  3:34  Zergling x2  
  28  3:42  Zergling x2  
  28  3:48  Zergling x4  
  31  3:54  Zergling x4  
  32  4:04  Spore Crawler, Drone  
Tags
 
Add a new tag
Caveats
  • Supply blocks, unpowered buildings, or Contaminate may cause inaccurate times.
  • Supply counts are checked every 10 seconds.